 Dungeon Crawl Stone Soup version 0.18.1-48-g4cf74bf (webtiles) character file.

5750 tyranidshit the Fighter (level 10, -1/101 (102) HPs)
             Began as a Deep Dwarf Necromancer on July 10, 2016.
             Was a High Priest of Makhleb.
             Slain by an orc warrior
             ... wielding a +0 dire flail
              (13 damage)
             ... on level 10 of the Dungeon.
             The game lasted 00:51:19 (6527 turns).

tyranidshit the Fighter (Deep Dwarf Necromancer)    Turns: 6527, Time: 00:51:19

HP:   -1/101 (102)  AC: 11    Str: 12    XL:     10   Next: 49%
MP:   14/22         EV: 13    Int: 19    God:    Makhleb [*****.]
Gold: 201           SH:  0    Dex: 13    Spells: 3 memorised, 20 levels left

rFire  . . .     SeeInvis .     p - +7 quarterstaff (chaos)
rCold  . . .     Gourm    .     a - +1 robe
rNeg   . . .     Faith    .     (shield currently unavailable)
rPois  .         Spirit   .     (no helmet)
rElec  .         Dismiss  .     t - +1 cloak
rCorr  .         Reflect  .     w - +1 pair of gloves
SustAt .         Harm     .     n - +0 pair of boots
MR     +....                    B - amulet of magic regeneration
Stlth  ++........               K - +1 ring of evasion
                                I - +3 ring of protection

@: lethally poisoned (-1 -> -14), non-regenerating, somewhat resistant to
hostile enchantments, unstealthy
A: damage resistance, recharge devices, sense surroundings 2, slow regeneration
3
a: Device Recharging, Minor Destruction, Lesser Servant of Makhleb, Major
Destruction, Greater Servant of Makhleb, Renounce Religion


You were on level 10 of the Dungeon.
You worshipped Makhleb.
Makhleb was extremely pleased with you.
You were not hungry.

You visited 2 branches of the dungeon, and saw 12 of its levels.

You collected 474 gold pieces.
You spent 273 gold pieces at shops.

Inventory:

Hand Weapons
 p - a +7 quarterstaff of chaos (weapon)
Missiles
 m - 3 tomahawks (quivered)
Armour
 a - a +1 robe (worn)
 n - a +0 pair of boots (worn)
 q - a +0 cloak
 t - a +1 cloak (worn)
 v - a +0 cloak of invisibility
 w - a +1 pair of gloves (worn)
Jewellery
 f - an uncursed ring of resist corrosion
 g - an uncursed ring of magical power
 x - an uncursed ring of sustain attributes
 B - an amulet of magic regeneration (around neck)
 C - an uncursed ring of wizardry
 I - a +3 ring of protection (left hand)
 K - a +1 ring of evasion (right hand)
Wands
 c - a wand of heal wounds (4/9)
 j - a wand of digging (12/24)
 G - a wand of polymorph (12/24)
Scrolls
 h - a scroll of remove curse
 i - 5 scrolls of identify
 D - a scroll of magic mapping
 E - a scroll of teleportation
Potions
 e - a potion of might
 l - 3 potions of brilliance
 o - 4 potions of lignification
 s - a potion of degeneration {unknown}
 u - 2 potions of flight
 A - a potion of resistance {unknown}
 F - a potion of curing {unknown}
 H - 2 potions of mutation {unknown}
Books
 b - a book of Necromancy

   Spells                             Type                      Level
   a - Pain                           Necromancy                   1
   b - Animate Skeleton               Necromancy                   1
   c - Vampiric Draining              Necromancy                   3
   d - Regeneration                   Charms/Necromancy            3
   e - Animate Dead                   Necromancy                   4
   f - Control Undead                 Necromancy                   4
 y - a book of Changes

   Spells                             Type                      Level
   a - Beastly Appendage              Transmutation                1
   b - Sticks to Snakes               Transmutation                2
   c - Spider Form                    Transmutation/Poison         3
   d - Ice Form                       Ice/Transmutation            4
   e - Blade Hands                    Transmutation                5
 J - a book of Ice

   Spells                             Type                      Level
   a - Ice Form                       Ice/Transmutation            4
   b - Metabolic Englaciation         Hexes/Ice                    5
   c - Ozocubu's Refrigeration        Ice                          6
   d - Bolt of Cold                   Conjuration/Ice              6
   e - Freezing Cloud                 Conjuration/Ice/Air          6
   f - Simulacrum                     Ice/Necromancy               6
 L - a book of Geomancy

   Spells                             Type                      Level
   a - Sandblast                      Earth                        1
   b - Passwall                       Transmutation/Earth          2
   c - Stone Arrow                    Conjuration/Earth            3
   d - Petrify                        Transmutation/Earth          4
   e - Lee's Rapid Deconstruction     Earth                        5
Comestibles
 d - 6 bread rations
 k - 2 meat rations
 r - 2 beef jerkies
 z - 8 fruits


   Skills:
 - Level 10.0 Fighting
 - Level 2.1 Dodging
 - Level 2.4 Stealth
 + Level 9.8 Spellcasting
 - Level 4.3 Necromancy


You had 20 spell levels left.
You knew the following spells:

 Your Spells              Type           Power        Failure   Level  Hunger
a - Pain                  Necr           ####         1%          1    None
b - Vampiric Draining     Necr           ####......   4%          3    None
c - Animate Dead          Necr           N/A          14%         4    ###....


Dungeon Overview and Level Annotations

Branches:
Dungeon (11/15)            Temple (1/1) D:6            Lair (0/8) D:9
    Orc (0/2) D:9

Altars:
Ashenzari
Dithmenos
Makhleb
Nemelex Xobeh
Xom
Yredelemnul
Zin
The Shining One

Shops:
D:10 ==

Annotations:
D:9 tyranidshit's ghost, novice DDNe


Innate Abilities, Weirdness & Mutations

You are resistant to damage.
You can recharge devices by infusing magical energy.
You passively map the area around you.
You do not regenerate naturally.


Message History

The orc warrior is almost dead.
You feel life coursing into your body.
You feel very sick. The orc hits you with a war axe.
The centaur barely misses you.
The orc warrior hits you but does no damage.
The orc hits you with a whip of venom.
* * * LOW HITPOINT WARNING * * *
You are lethally poisoned!
The orc completely misses you.
Drink which item? (? for menu, Esc to quit)
Okay, then.
Evoke which item? (* to show all) (? for menu, Esc to quit)
Okay, then.
Charge which item? (? for menu, Esc to quit)
Your wand of heal wounds (0/9) glows for a moment and now has 4 charges.
* * * LOW HITPOINT WARNING * * *
You feel sick.
The centaur hits you but does no damage.
The orc warrior hits you with a dire flail!
You die...

..# #......#
.###########.....##
..................##
...................#
..#####.....#...####
...# ########...#
#..## #...## #...#
#...o# ### ##..##
##o@o## ###.# #...#
#co..#####..## ##..##
##.........###
#...#####
##........###
##......###........##
#............<....∩#
###...........##.....#
.#....#........#....##
...............#....#


You could see an orc warrior, a centaur and 3 orcs.

Vanquished Creatures
  Maurice (D:10)
  A troll (D:9)
  Grinder (D:5)
  2 wyverns
  5 yaks (D:8)
  The ghost of Rationalist the Covered, an amateur FoFi (D:5)
  A hippogriff (D:8)
  A water moccasin (D:9)
  An ice beast (D:5)
  3 orc warriors
  2 black bears
  A necrophage (D:10)
  3 phantoms
  9 ogres
  4 centaurs
  A big kobold (D:9)
  Blork the orc (D:5)
  5 giant frogs
  A gnoll sergeant (D:10)
  2 scorpions
  A howler monkey (D:5)
  A crimson imp (D:5)
  A centaur zombie (D:6)
  2 jellies
  A centaur skeleton (D:7)
  8 hounds
  Crazy Yiuf (D:2)
  4 orc wizards
  4 iguanas
  5 worker ants
  A hound skeleton (D:6)
  3 gnolls (D:10)
  12 adders
  2 shadow imps
  An ooze (D:3)
  An adder zombie (D:5)
  2 adder skeletons
  4 worms
  5 giant geckos
  40 orcs
  9 bats
  5 giant cockroaches
  6 goblins
  10 hobgoblins
  4 jackals (D:1)
  10 kobolds
  3 quokkas
  A giant cockroach zombie (D:6)
  A giant gecko skeleton (D:4)
  3 giant newts
  A jackal skeleton (D:5)
  7 rats
205 creatures vanquished.

Notes
Turn   | Place    | Note
--------------------------------------------------------------
     0 | D:1      | tyranidshit the Deep Dwarf Necromancer began the quest for the Orb.
     0 | D:1      | Reached XP level 1. HP: 15/15 MP: 3/3
   135 | D:1      | Reached XP level 2. HP: 10/24 MP: 0/5
   209 | D:1      | Reached skill level 1 in Fighting
   872 | D:2      | Reached XP level 3. HP: 32/32 MP: 4/6
   877 | D:2      | Learned a level 3 spell: Vampiric Draining
   921 | D:2      | Found a burning altar of Makhleb.
   969 | D:2      | Became a worshipper of Makhleb the Destroyer
  1106 | D:2      | Reached skill level 2 in Fighting
  1432 | D:2      | Noticed Crazy Yiuf
  1444 | D:2      | Killed Crazy Yiuf
  1444 | D:2      | Reached XP level 4. HP: 40/40 MP: 0/8
  1653 | D:3      | Reached * piety under Makhleb
  1717 | D:3      | Reached skill level 3 in Fighting
  1717 | D:3      | Reached XP level 5. HP: 32/49 MP: 2/9
  2179 | D:4      | Noticed an ogre
  2304 | D:4      | Killed an ogre
  2304 | D:4      | Reached XP level 6. HP: 45/57 MP: 1/11
  2329 | D:4      | Reached skill level 4 in Fighting
  2409 | D:4      | Reached ** piety under Makhleb
  2619 | D:5      | Entered Level 5 of the Dungeon
  2657 | D:5      | Reached XP level 7. HP: 39/66 MP: 1/14
  2696 | D:5      | Found a shimmering altar of Xom.
  2711 | D:5      | Found a shimmering altar of Xom.
  2712 | D:5      | Found a shimmering altar of Xom.
  2731 | D:5      | Found a shimmering altar of Xom.
  2734 | D:5      | You fall through a shaft for 2 floors!
  2808 | D:7      | Reached skill level 5 in Fighting
  2808 | D:7      | Reached skill level 5 in Spellcasting
  3043 | D:6      | Found a glowing silver altar of Zin.
  3045 | D:6      | Found a staircase to the Ecumenical Temple.
  3064 | Temple   | Entered the Ecumenical Temple
  3159 | D:6      | Learned a level 4 spell: Animate Dead
  3309 | D:6      | Noticed a wyvern
  3309 | D:6      | a giant frog changed into a wyvern
  3313 | D:6      | Killed a wyvern
  3341 | D:6      | Reached *** piety under Makhleb
  3422 | D:6      | Reached skill level 6 in Fighting
  3422 | D:6      | Reached XP level 8. HP: 60/76 MP: 16/16
  3859 | D:5      | Noticed Rationalist's ghost (amateur FoFi)
  3869 | D:5      | Killed Rationalist's ghost
  3912 | D:5      | Reached skill level 7 in Fighting
  4000 | D:5      | Noticed Grinder
  4006 | D:5      | Killed Grinder
  4068 | D:5      | Noticed Blork the orc
  4079 | D:5      | Killed Blork the orc
  4079 | D:5      | Gained mutation: You passively map the area around you. [Deep Dwarf growth]
  4079 | D:5      | Reached XP level 9. HP: 55/86 MP: 12/19
  4444 | D:7      | Reached skill level 8 in Fighting
  4515 | D:7      | Found a shadowy altar of Dithmenos.
  4816 | D:8      | Reached **** piety under Makhleb
  4922 | D:8      | Noticed a cyclops
  5090 | D:8      | Found a shattered altar of Ashenzari.
  5253 | D:8      | Reached skill level 9 in Fighting
  5273 | D:8      | Reached XP level 10. HP: 67/99 MP: 4/22
  5313 | D:9      | Found a staircase to the Orcish Mines.
  5484 | D:9      | Noticed tyranidshit's ghost (novice DDNe)
  5485 | D:9      | Found a staircase to the Lair.
  5723 | D:10     | Entered Level 10 of the Dungeon
  5724 | D:10     | Found Sogedwis's Jewellery Emporium.
  5821 | D:10     | Noticed Maurice
  5871 | D:10     | Killed Maurice
  5871 | D:10     | Reached skill level 10 in Fighting
  5935 | D:10     | Noticed a gargoyle
  6300 | D:10     | Reached ***** piety under Makhleb
  6342 | D:10     | Found Joefeina's Jewellery Shop.
  6377 | D:10     | Bought a +3 ring of protection for 273 gold pieces
  6527 | D:10     | Slain by an orc warrior

Skill      XL: |  1  2  3  4  5  6  7  8  9 10 |
---------------+-------------------------------+-----
Spellcasting   | 2 3 4 5 7 8 9 |  9.8
Fighting       | 1 2 3 4 6 7 9 10 | 10.0
Dodging        | |  2.1
Stealth        | |  2.4
Necromancy     | |  4.3

Action                   |  1- 3 |  4- 6 |  7- 9 | 10-12 || total
-------------------------+-------+-------+-------+-------++-------
Melee: Spear             |    43 |       |       |       ||    43
       Quarterstaff      |       |   103 |   181 |   130 ||   414
Throw: Tomahawk          |    31 |       |       |       ||    31
 Cast: Pain              |    45 |     8 |     2 |     1 ||    56
       Vampiric Draining |     7 |    35 |    79 |    59 ||   180
       Animate Dead      |       |       |     2 |       ||     2
 Abil: Device Recharging |       |       |       |     1 ||     1
Evoke: Wand              |     3 |     3 |     4 |     9 ||    19
  Use: Scroll            |     6 |     3 |    13 |     4 ||    26
       Potion            |     4 |       |     2 |     1 ||     7
 Stab: Sleeping          |       |     4 |     1 |     1 ||     6
       Paralysed         |       |     2 |     1 |     2 ||     5
       Confused          |       |       |     1 |       ||     1
  Eat: Bread ration      |     1 |     2 |     2 |     1 ||     6
Armor: Robe              |     8 |     9 |    77 |    83 ||   177
Dodge: Dodged            |    50 |    98 |   166 |   136 ||   450
